 Dungeon Crawl Stone Soup version 0.21-a0-94-gdd6ab6a (webtiles) character file.

7291 nikopol the Thaumaturge (level 10, 0/52 HPs)
             Began as a Deep Elf Fire Elementalist on July 1, 2017.
             Was a Priest of Vehumet.
             Slain by an unseen horror (3 damage)
             ... on level 9 of the Dungeon.
             The game lasted 01:03:34 (13689 turns).

nikopol the Thaumaturge (DEFE)                     Turns: 13689, Time: 01:03:35

Health: 0/52       AC:  8    Str:  8    XL:     10   Next: 89%
Magic:  28/28      EV: 14    Int: 24    God:    Vehumet [***...]
Gold:   721        SH:  0    Dex: 15    Spells: 22/34 levels left

rFire    + . .     SeeInvis .   Q - staff of death (curse)
rCold    . . .     Gourm    .   (no shield)
rNeg     + . .     Faith    .   t - +2 robe {rF+}
rPois    .         Spirit   .   u - +0 helmet
rElec    .         Reflect  .   C - +0 cloak
rCorr    .         Harm     .   (no gloves)
MR       ++...                  H - +1 pair of boots
Stlth    +++.......             (no amulet)
HPRegen  0.17/turn              p - +3 ring of strength
MPRegen  0.21/turn              w - ring of protection from magic

@: no status effects
A: no striking features
a: Renounce Religion


You were on level 9 of the Dungeon.
You worshipped Vehumet.
Vehumet was most pleased with you.
You were not hungry.

You visited 2 branches of the dungeon, and saw 10 of its levels.
You also visited: Bailey.

You collected 721 gold pieces.

Inventory:

Hand Weapons
 d - a +0 short sword
 y - the +1 flail of Makhleb's Wrath {crush, Int+4, unknown}
   (You took it off a gnoll in a bailey)

   It inflicts extra damage upon your enemies.
   It affects your intelligence (+4).
 A - a +1 dagger of speed
Missiles
 h - 11 throwing nets (quivered)
 P - 181 stones
Armour
 t - a +2 robe of fire resistance (worn)
 u - a +0 helmet (worn)
 C - a +0 cloak (worn)
 H - a +1 pair of boots (worn)
Magical Staves
 Q - a cursed staff of death (weapon)
Jewellery
 p - a +3 ring of strength (left hand)
 v - an uncursed amulet of guardian spirit
 w - a ring of protection from magic (right hand)
Wands
 i - a wand of scattershot (4/9)
 s - a wand of flame (34/48)
 L - a wand of acid (4/15)
 M - a wand of scattershot (2/9)
Scrolls
 g - 5 scrolls of teleportation
 j - a scroll of remove curse
 m - a scroll of enchant armour
 o - 4 scrolls of magic mapping
 q - a scroll of blinking {unknown}
 x - a scroll of fog {unknown}
 B - a scroll of recharging {unknown}
 D - a scroll of vulnerability {unknown}
 F - a scroll of fear {unknown}
 G - 2 scrolls of noise {unknown}
 K - a scroll of immolation {unknown}
 O - a scroll of random uselessness {unknown}
Potions
 e - a potion of cancellation {unknown}
 k - 3 potions of brilliance
 l - 3 potions of might
 n - 2 potions of agility
 r - a potion of invisibility {unknown}
 z - 2 potions of flight
 I - 2 potions of curing
 N - 2 potions of haste {unknown}
Books
 a - a book of Cantrips

   Spells                             Type                      Level
   a - Confusing Touch                Hexes                        1
   b - Animate Skeleton               Necromancy                   1
   c - Summon Small Mammal            Summoning                    1
   d - Apportation                    Translocation                1
 b - a book of Flames

   Spells                             Type                      Level
   a - Flame Tongue                   Conjuration/Fire             1
   b - Throw Flame                    Conjuration/Fire             2
   c - Conjure Flame                  Conjuration/Fire             3
   d - Inner Flame                    Hexes/Fire                   3
   e - Sticky Flame                   Conjuration/Fire             4
   f - Fireball                       Conjuration/Fire             5
 E - a book of Changes

   Spells                             Type                      Level
   a - Beastly Appendage              Transmutation                1
   b - Sticks to Snakes               Transmutation                2
   c - Spider Form                    Transmutation/Poison         3
   d - Ice Form                       Ice/Transmutation            4
   e - Blade Hands                    Transmutation                5
Comestibles
 c - 4 bread rations
 f - 8 meat rations
 J - 10 royal jellies


   Skills:
 + Level 1.0 Fighting
 + Level 0.2 Short Blades
 + Level 0.2 Staves
 + Level 4.3 Dodging
 + Level 4.8 Stealth
 + Level 12.8 Spellcasting
 + Level 9.5 Conjurations
 + Level 10.4 Fire Magic
 + Level 2.0 Earth Magic


You had 22 spell levels left.
You knew the following spells:

 Your Spells              Type           Power        Failure   Level  Hunger
a - Flame Tongue          Conj/Fire      #####        1%          1    None
b - Throw Flame           Conj/Fire      ######       1%          2    None
c - Conjure Flame         Conj/Fire      ######..     1%          3    None
d - Fireball              Conj/Fire      ######....   1%          5    ###....
e - Sandblast             Erth           ####..       1%          1    None


Dungeon Overview and Level Annotations

Branches:
Dungeon (9/15)             Temple (1/1) D:5
   Lair: D:8-11         Orc: D:9-12

Altars:
Ashenzari
Cheibriados
Dithmenos
Elyvilon
Fedhas
Gozag
Hepliaklqana
Kikubaaqudgha
Makhleb
Nemelex Xobeh
Okawaru
Qazlal
Ru
Sif Muna
Trog
Uskayaw
Vehumet
Wu Jian
Xom
Yredelemnul
Zin
The Shining One


Message History

Something hits you! Something hits you but does no damage.
Something hits you but does no damage. Something hits you! Something hits you.
You see here a whip.
Something hits you but does no damage. Something hits you.
Casting: Flame Tongue
Confirm with . or Enter, or press ? or * to list all spells.
You don't know that spell.
Something hits you but does no damage.
You hit something. Something hits you. Something hits you but does no damage.
Something hits you.
* * * LOW HITPOINT WARNING * * *
Something hits you!
* * * LOW HITPOINT WARNING * * *
Okay, then.
Something hits you.
You die...

...................###.
...................## #.
..................## #.
[..................# #.
...................# ##
#............)......## #
#.......$............# #
#....................# #
#........@............##
#......................#
#.......≈.............###
#..≈...≈#≈........##....##
#..≈#≈.≈#..≈####..######...
#.≈#.#≈#...#≈##..## ####
##≈#...#...#≈###.## # #
##≈#...#...#≈###.#########
#
#≈#...#≈#.#≈##...........#


There were no monsters in sight!

Vanquished Creatures
  A two-headed ogre (D:9)
  Pikel (D:7)
  3 hornets (D:8)
  A hippogriff (D:6)
  Sigmund (D:3)
  A shadow (D:7)
  Eustachio (D:6)
  A hungry ghost (D:7)
  A steam dragon (D:9)
  Edmund (D:6)
  Menkaure (D:5)
  Duvessa (D:5)
  4 ice beasts
  2 sky beasts
  An orc warrior (D:7)
  3 slaves (D:7)
  A necrophage (D:9)
  3 phantoms
  4 centaurs
  The ghost of tilp the Firebug, an amateur HOFE (D:3)
  3 bullfrogs
  9 gnoll sergeants
  Dowan (D:5)
  5 killer bees (D:9)
  3 wights (D:6)
  6 howler monkeys
  An electric eel (D:9)
  2 crimson imps (D:8)
  2 centaur zombies
  A jelly (D:7)
  6 orc wizards
  Crazy Yiuf (D:5)
  5 orc priests
  3 hounds
  6 gnoll shamans (Bailey)
  Terence (D:2)
  Ijyb (D:3)
  Natasha (thrice) (D:3)
  10 worker ants
  2 worker ant zombies (D:8)
  26 gnolls
  4 adders
  A shadow imp (D:8)
  An adder zombie (D:5)
  An adder skeleton (D:4)
  2 dart slugs
  5 leopard geckos
  28 orcs
  3 giant cockroaches
  6 goblins
  10 hobgoblins
  12 jackals
  8 kobolds
  4 quokkas
  9 ball pythons
  6 bats
  7 frilled lizards
  2 jackal skeletons (D:8)
  A jackal zombie (D:7)
  A quokka zombie (D:5)
  6 rats
247 creatures vanquished.

Vanquished Creatures (others)
  An ogre (D:8)
  2 orcs (D:7)
  A hobgoblin (D:7)
  3 kobolds (D:7)
7 creatures vanquished.

Grand Total: 254 creatures vanquished

Notes
Turn   | Place    | Note
-------+----------+-------------------------------------------
     0 | D:1      | nikopol the Deep Elf Fire Elementalist began the quest for the Orb.
     0 | D:1      | Reached XP level 1. HP: 10/10 MP: 6/6
   245 | D:1      | Reached XP level 2. HP: 15/15 MP: 6/8
   519 | D:1      | Learned a level 2 spell: Throw Flame
   624 | D:2      | Noticed Terence
   922 | D:2      | Reached skill level 4 in Spellcasting
   922 | D:2      | Reached XP level 3. HP: 14/19 MP: 4/10
   927 | D:2      | Learned a level 3 spell: Conjure Flame
  1333 | D:2      | Killed Terence
  1333 | D:2      | Reached XP level 4. HP: 12/24 MP: 1/12
  1740 | D:3      | Noticed tilp's ghost (amateur HOFE)
  1894 | D:3      | Noticed Natasha
  1898 | D:3      | Killed Natasha
  1925 | D:3      | Noticed Natasha
  1928 | D:3      | Killed Natasha
  1928 | D:3      | Reached XP level 5. HP: 18/28 MP: 9/14
  2098 | D:3      | Reached skill level 5 in Spellcasting
  2148 | D:3      | Noticed Natasha
  2166 | D:3      | Killed Natasha
  2169 | D:3      | HP: 1/28 [tilp's ghost (2)]
  2546 | D:3      | HP: 1/28 [orc priest/divine providence (13)]
  2896 | D:3      | HP: 1/28 [orc priest/divine providence (13)]
  2899 | D:3      | Reached skill level 5 in Fire Magic
  3227 | D:3      | Killed tilp's ghost
  3227 | D:3      | Reached XP level 6. HP: 32/32 MP: 4/16
  3333 | D:3      | Found a shattered altar of Ashenzari.
  3514 | D:3      | Noticed Sigmund
  3516 | D:3      | Found a snail-covered altar of Cheibriados.
  3544 | D:3      | HP: 1/32 [something/magic dart (7)]
  3906 | D:3      | Noticed Ijyb
  3916 | D:3      | Killed Ijyb
  3916 | D:3      | Reached skill level 6 in Spellcasting
  4069 | D:3      | Killed Sigmund
  4069 | D:3      | Reached XP level 7. HP: 5/36 MP: 5/18
  5081 | D:4      | Reached skill level 7 in Spellcasting
  5604 | D:4      | Learned a level 5 spell: Fireball
  5619 | D:5      | Entered Level 5 of the Dungeon
  5689 | D:5      | Noticed Duvessa
  5691 | D:5      | Noticed Dowan
  5817 | D:5      | Reached skill level 5 in Conjurations
  5817 | D:5      | Reached XP level 8. HP: 15/42 MP: 11/21
  6091 | D:5      | Killed Duvessa
  6097 | D:5      | Killed Dowan
  6097 | D:5      | Reached skill level 8 in Spellcasting
  6390 | D:5      | Noticed Menkaure
  6398 | D:5      | Killed Menkaure
  6525 | D:5      | Found a runed door.
  6529 | D:5      | Noticed Crazy Yiuf
  6533 | D:5      | Killed Crazy Yiuf
  6620 | D:5      | Found a staircase to the Ecumenical Temple.
  6625 | Temple   | Entered the Ecumenical Temple
  6681 | Temple   | Became a worshipper of Vehumet
  6924 | D:6      | Found a blossoming altar of Fedhas.
  7291 | D:6      | Found an ornate altar of the Wu Jian Council.
  7386 | D:6      | Noticed a hippogriff
  7395 | D:6      | Killed a hippogriff
  7513 | D:6      | Reached skill level 9 in Spellcasting
  7551 | D:6      | Found a shimmering altar of Xom.
  7668 | D:6      | Noticed Edmund
  7696 | D:6      | Killed Edmund
  7931 | D:6      | Reached XP level 9. HP: 9/46 MP: 6/24
  8368 | D:6      | Noticed Eustachio
  8377 | D:6      | Killed Eustachio
  8958 | D:7      | Noticed Pikel
  8973 | D:7      | Killed Pikel
  8973 | D:7      | Reached skill level 10 in Spellcasting
  9204 | D:7      | Found an opulent altar of Gozag.
  9216 | D:7      | Reached * piety under Vehumet
  9216 | D:7      | Offered knowledge of Freeze by Vehumet.
  9472 | D:7      | Found a shadowy altar of Dithmenos.
  9560 | D:7      | Reached skill level 11 in Spellcasting
  9976 | D:8      | Found an iron altar of Okawaru.
  9987 | D:8      | Reached XP level 10. HP: 51/51 MP: 24/27
 10002 | D:8      | Found a flagged portal.
 10011 | Bailey   | Entered a bailey
 10433 | Bailey   | Reached ** piety under Vehumet
 10524 | Bailey   | Offered knowledge of Sandblast by Vehumet.
 10867 | Bailey   | Got a pitted flail {crush}
 11134 | D:8      | Learned a level 1 spell: Sandblast
 11172 | D:8      | Reached skill level 10 in Fire Magic
 11764 | D:8      | Reached skill level 12 in Spellcasting
 11956 | D:8      | Found a basalt altar of Yredelemnul.
 12013 | D:9      | Noticed a two-headed ogre
 12018 | D:9      | Killed a two-headed ogre
 12018 | D:9      | Offered knowledge of Ignite Poison by Vehumet.
 12018 | D:9      | Reached skill level 1 in Earth Magic
 12399 | D:9      | Found a stormy altar of Qazlal.
 12524 | D:9      | Reached *** piety under Vehumet
 13465 | D:9      | Reached skill level 1 in Fighting
 13688 | D:9      | HP: 2/52 [something (12)]
 13689 | D:9      | Slain by an unseen horror

Vault maps used:
D:1:      minmay_arrival_glassed_features
D:2:      uniq_terence
D:3:      lemuel_doored_altar, first_bread, kennysheep_slug_shrine,
          uniq_sigmund, uniq_natasha, uniq_ijyb
D:4:      minmay_snake_closets
D:5:      temple_doors_cd, solitary_fountain, uniq_menkaure, uniq_duvessa,
          uniq_crazy_yiuf_cottage
D:6:      nicolae_overflow_crystal_walls, marbit_many_paths,
          kennysheep_little_box, kennysheep_generic_room_8, uniq_eustachio,
          uniq_edmund
D:7:      corexii_shack_village, grunt_dithmenos_shadows,
          nicolae_gozag_cash_rules_everything_around_me, uniq_pikel
D:8:      okawaru_gym_becter, lemuel_coloured_pillars_altar, enter_bailey_2,
          hangedman_pestilent_swarm
D:9:      grunt_qazlal_sundering, nicolae_water_bricks, supply_closet_lemuel,
          minmay_tree_intersection, uniq_joseph
Temple:   dshaligram_water_room_temple
Bailey:   bailey_polearm_gnolls_kennysheep, bailey

Skill      XL: |  1  2  3  4  5  6  7  8  9 10 |
---------------+-------------------------------+-----
Spellcasting   | 4 5 6 7 9 11 12 | 12.8
Fire Magic     | 4 5 6 7 9 10 | 10.4
Conjurations   | 2 3 5 6 7 9 |  9.5
Stealth        | 3 4 |  4.8
Dodging        | 3 4 |  4.3
Earth Magic    | 2 |  2.0
Fighting       | 1 |  1.0
Short Blades   | |  0.2
Staves         | |  0.2

Action                   |  1- 3 |  4- 6 |  7- 9 | 10-12 || total
-------------------------+-------+-------+-------+-------++-------
Melee: Short sword       |     5 |     1 |     2 |       ||     8
       Staff             |       |       |       |     6 ||     6
 Cast: Flame Tongue      |    68 |    97 |   249 |   141 ||   555
       Conjure Flame     |     2 |     8 |    12 |     7 ||    29
       Throw Flame       |       |     8 |    32 |    60 ||   100
       Fireball          |       |       |     8 |    16 ||    24
       Sandblast         |       |       |       |    12 ||    12
Evoke: Wand              |       |       |       |     4 ||     4
  Use: Scroll            |       |       |     4 |     7 ||    11
       Potion            |       |       |       |     1 ||     1
  Eat: Chunk             |     1 |     4 |    19 |    10 ||    34
       Meat ration       |       |     1 |       |       ||     1
       Bread ration      |       |       |       |     1 ||     1
Armor: Robe              |     2 |     3 |    28 |    26 ||    59
Dodge: Dodged            |    18 |    14 |    68 |    65 ||   165
